AoeStats
← [GG] Shevchenko 7

Arena

506004938Analyzed
1v1 RM · 22d ago on Sep 12, 2026· 37m 1s· 2 players
Game mode
Random Map
Map size
Tiny (2 player)
Population
200
Speed
Normal
Resources
Standard
Victory
Conquest
Starting age
Dark Age
Ending age
Imperial Age
RankedLock teamsTeams togetherTeam positionsShared explorationLock speedFull tech treeHidden civsTurbo modeCheats
Victory
Defeat
🇧🇷 Portuguese · Brazil
1168
+15
🇨🇦 Bengalis · Canada
1144
-15
deragon.marcantoine
10:38 Feudal Age
15:35 Castle Age
14:15 Double-Bit Axe
22:59 Loom
26:00 Redemption
29:02 Wheelbarrow
28:54 Gold Mining
28:48 Horse Collar
29:43 Sanctity
30:16 Fervor
30:59 Hand Cart
30:56 Bow Saw
30:47 Heavy Plow
31:26 Gold Shaft Mining
30:44 Stone Mining
35:19 Imperial Age
33:56 Paiks
33:45 Fletching
38:30 Imperial Age
[GG] Shevchenko 7
10:05 Feudal Age
8:59 Loom
14:25 Castle Age
13:31 Double-Bit Axe
30:55 Imperial Age
29:02 Light Cavalry
29:53 Bloodlines
30:28 Husbandry
31:35 Scale Barding Armor
31:47 Forging
31:16 Pikeman
32:27 Scale Mail Armor
32:23 Fletching
33:39 Chain Barding Armor
33:49 Bodkin Arrow
35:57 Iron Casting
37:26 Wheelbarrow
Connection lost

Rejoining the realm…

Still unreachable

The connection could not be restored.

Session expired

The server has moved on; the page needs a fresh start.